 Dungeon Crawl Stone Soup version 0.13.0-18-g7b03ea5 (webtiles) character file.

547 MDvedh the Ruinous (level 6, -2/45 HPs)
             Began as a Draconian Conjurer on Oct 22, 2013.
             Was an Initiate of Sif Muna.
             Slain by a scorpion (5 damage)
             ... on Level 4 of the Dungeon.
             The game lasted 00:15:10 (4179 turns).

MDvedh the Ruinous (Draconian Conjurer)             Turns: 4179, Time: 00:15:11

HP  -2/45        AC  6     Str 11      XL: 6   Next: 16%
MP   3/13        EV 12     Int 17      God: Sif Muna [......]
Gold 241         SH  0     Dex 11      Spells:  4 memorised,  1 level left

Res.Fire  : + + .   See Invis. : .   a - +2,+0 elf short sword
Res.Cold  : . . .   Warding    : .   (armour unavailable)
Life Prot.: . . .   Conserve   : .   (no shield)
Res.Poison: .       Res.Corr.  : .   (helmet restricted)
Res.Elec. : .       Clarity    : .   (no cloak)
Sust.Abil.: . .     Spirit.Shd : .   (no gloves)
Res.Mut.  : +       Stasis     : .   (no boots)
Res.Rott. : .       Flight     : .   w - amulet of resist mutation
Saprovore : . . .                    x - ring of protection from fire
                                     q - ring of protection from fire

@: extremely poisoned, very slightly contaminated, slightly resistant to hostile
enchantments, unstealthy
A: unfitting armour, AC +6
a: Renounce Religion


You were on level 4 of the Dungeon.
You worshipped Sif Muna.
Sif Muna was noncommittal.
You were not hungry.

You visited 1 branch of the dungeon, and saw 4 of its levels.

You collected 221 gold pieces.

Inventory:

Hand weapons
 a - a +2,+0 elven short sword (weapon)
Magical devices
 p - a wand of magic darts (12)
Comestibles
 b - 5 bread rations
Scrolls
 h - 2 scrolls of random uselessness {unknown}
 j - 4 scrolls of teleportation
 l - 2 scrolls of remove curse
 m - a scroll of enchant weapon II {unknown}
 r - a scroll of curse armour {unknown}
 u - a scroll of fog {unknown}
 v - a scroll of curse weapon {unknown}
Jewellery
 q - a ring of protection from fire (left hand)
 w - an amulet of resist mutation (around neck)
 x - a ring of protection from fire (right hand)
Potions
 k - a potion of invisibility {unknown}
 o - a potion of might {unknown}
 s - a potion of berserk rage {unknown}
 t - a potion of curing {unknown}
Books
 c - a book of Conjurations

   Spells                             Type                      Level
   *Magic Dart                        Conjuration                  1
   *Searing Ray                       Conjuration                  2
   *Dazzling Spray                    Conjuration/Hexes            3
   Iskenderun's Mystic Blast          Conjuration                  4
   *Iskenderun's Battlesphere         Conjuration/Charms           4
   Fulminant Prism                    Conjuration/Hexes            5


   Skills:
 - Level 1.7 Dodging
 - Level 1.7 Stealth
 - Level 3.3 Spellcasting
 - Level 4.0 Conjurations
 - Level 3.3 Hexes
 + Level 2.4 Charms


You had one spell level left.
You knew the following spells:

 Your Spells              Type           Power        Failure   Level  Hunger
a - Magic Dart            Conj           ###.         3%          1    None
b - Searing Ray           Conj           ###...       6%          2    ##.....
c - Dazzling Spray        Conj/Hex       ###.....     12%         3    ###....
d - Iskenderun's Battles  Conj/Chrm      ##......     45%         4    ####...


Dungeon Overview and Level Annotations

Branches:
Dungeon (4/27)
 Temple: D:4-7

Altars:
Ashenzari
Kikubaaqudgha
Makhleb
Sif Muna
Trog
Yredelemnul
Zin
the Shining One

Portals:
Ziggurat: D:4 (4030 gp)

Annotations:
D:3 Sigmund


Message History

The scorpion stings you!
You are more poisoned.
The scorpion poisons you! The scorpion stings you.
* * * LOW HITPOINT WARNING * * *
You are more poisoned.
The scorpion poisons you!
* * * LOW HITPOINT WARNING * * *
You feel very sick.
Casting: Searing Ray
Confirm with . or Enter, or press ? or * to list all spells.
Aiming: Magic Dart
Press: ? - help, Shift-Dir - straight line, f/p - scorpion
Aim: a scorpion (almost dead)
You miscast Magic Dart.
You are very lightly contaminated with residual magic.
Sparks fly from your hands!
* * * LOW HITPOINT WARNING * * *
You feel very sick. The scorpion stings you.
You die...

..#............##w#.......
#)'............##a#.......
#............##.'a......
#...[........####.......
#....<.......# .......
#....%.......# >..$...
#............# ......#
##..#.s#+##### ###+##
##.#####@.## #..#..l#...#
#.##.∩.##%.####
#..#...#......#
##.#####.<%...##
#...#............#
#............###.
#............#
#............#


You could see a scorpion and a giant newt.

Vanquished Creatures
  An orc priest (D:3)
  A worker ant (D:4)
  A giant frog skeleton (D:3)
  An iguana (D:3)
  A scorpion (D:4)
  2 adders (D:3)
  3 gnolls (D:4)
  3 giant mites
  2 worms
  An iguana skeleton (D:4)
  2 giant geckos
  An ooze (D:2)
  15 orcs
  7 goblins
  8 hobgoblins
  10 kobolds
  3 quokkas (D:2)
  7 bats
  2 giant cockroaches
  5 giant newts
  9 rats
85 creatures vanquished.

Notes
Turn   | Place    | Note
--------------------------------------------------------------
     0 | D:1      | MDvedh, the Draconian Conjurer, began the quest for the Orb.
     0 | D:1      | Reached XP level 1. HP: 14/14 MP: 3/3
   374 | D:1      | Reached XP level 2. HP: 20/20 MP: 2/4
   478 | D:1      | Learned a level 2 spell: Searing Ray
   983 | D:2      | Reached XP level 3. HP: 22/26 MP: 0/7
  1887 | D:3      | Learned a level 3 spell: Dazzling Spray
  2035 | D:3      | Reached XP level 4. HP: 19/33 MP: 1/9
  2194 | D:3      | Reached skill level 1 in Hexes
  2461 | D:3      | Found a basalt altar of Yredelemnul.
  2461 | D:3      | Found a burning altar of Makhleb.
  2461 | D:3      | Found a glowing silver altar of Zin.
  2462 | D:3      | Found a shattered altar of Ashenzari.
  2463 | D:3      | Found a bloodstained altar of Trog.
  2463 | D:3      | Found a deep blue altar of Sif Muna.
  2463 | D:3      | Found an ancient bone altar of Kikubaaqudgha.
  2463 | D:3      | Found a glowing golden altar of the Shining One.
  2758 | D:3      | Became a worshipper of Sif Muna the Loreminder
  2793 | D:3      | Reached XP level 5. HP: 25/38 MP: 7/11
  2815 | D:3      | Noticed Sigmund
  2843 | D:3      | Learned a level 4 spell: Iskenderun's Battlesphere
  3014 | D:4      | Found a gateway to a ziggurat.
  3559 | D:4      | Reached skill level 1 in Charms
  3738 | D:4      | Reached XP level 6. HP: 2/45 MP: 0/13
  3740 | D:4      | HP: 1/45 [poisoned by a worker ant]
  4179 | D:4      | Slain by a scorpion

Action                   |  1- 3 |  4- 6 || total
-------------------------+-------+-------++-------
Melee: Short sword       |    77 |    98 ||   175
       Unarmed           |     9 |       ||     9
 Cast: Magic Dart        |    69 |    58 ||   127
       Searing Ray       |     1 |     9 ||    10
       Dazzling Spray    |       |    10 ||    10
Evoke: Wand              |     1 |       ||     1
  Use: Scroll            |     2 |     3 ||     5
       Potion            |       |     3 ||     3
 Stab: Invisible         |       |     3 ||     3
